 Dungeon Crawl Stone Soup version 0.29.1 (webtiles) character file.

Game seed: 2989893470812597286

2751 masschaos23 the Cleaver (level 9, -14/81 HPs)
             Began as a Hill Orc Fighter on Sept 14, 2022.
             Was a Believer of Beogh.
             Demolished by a large slime creature (29 damage)
             ... on level 8 of the Dungeon.
             The game lasted 00:20:32 (7788 turns).

masschaos23 the Cleaver (Hill Orc Fighter)          Turns: 7788, Time: 00:20:34

Health: -14/81     AC: 15    Str: 23    XL:     9   Next: 68%
Magic:  9/9        EV:  6    Int:  8    God:    Beogh [**....]
Gold:   293        SH:  8    Dex: 16    Spells: 8/8 levels left

rFire   . . .      SeeInvis .   a - +0 war axe
rCold   . . .      Faith    +   q - +3 buckler of Beucoi Otro {Slay+2}
rNeg    . . .      Spirit   .   f - +0 plate armour
rPois   +          Reflect  .   (no helmet)
rElec   .          Harm     .   (no cloak)
rCorr   .          Rampage  .   (no gloves)
Will    .....                   t - +1 pair of boots
Stlth   ..........              y - amulet of faith
HPRegen 0.23/turn               h - +6 ring of dexterity
MPRegen 0.11/turn               O - ring of poison resistance

@: no status effects
A: no striking features
a: Renounce Religion, Smiting


You were on level 8 of the Dungeon.
You worshipped Beogh.
Beogh was pleased with you.
You visited 1 branch of the dungeon, and saw 8 of its levels.
You also visited: Ossuary.

You collected 293 gold pieces.

Inventory:

Hand Weapons
 a - a +0 war axe (weapon)
 H - a +5 battleaxe
 I - a +4 great sword
 J - a +4 dagger
 M - a +6 flail
Armour
 b - a +0 scale mail
 c - a +0 buckler
 f - a +0 plate armour (worn)
 q - the +3 buckler of Beucoi Otro (worn) {Slay+2}
   (You found it on level 6 of the Dungeon)

   Slay:      It affects your accuracy & damage with ranged weapons and melee
   (+2).
 t - a +1 pair of boots (worn)
 B - the +0 kite shield of the Sky {rC++}
   (You found it on level 6 of the Dungeon)

   rC:        It greatly protects you from cold.
 P - +0 steam dragon scales
Jewellery
 d - a ring of resist corrosion
 h - a +6 ring of dexterity (left hand)
 p - an amulet of guardian spirit
 y - an amulet of faith (around neck)
 K - a ring of protection from cold
 L - a ring of wizardry
 N - a ring of protection from fire
 O - a ring of poison resistance (right hand)
Wands
 e - a wand of polymorph (13)
 m - a wand of quicksilver (11)
 x - a wand of mindburst (8)
 G - a wand of paralysis (12)
Scrolls
 k - 4 scrolls of immolation
 n - a scroll of blinking
 r - 3 scrolls of noise
 v - a scroll of torment
 w - 2 scrolls of butterflies
 C - a scroll of teleportation
 D - a scroll of magic mapping
 F - a scroll of identify
Potions
 g - a potion of berserk rage {unknown}
 i - 7 potions of curing
 j - a potion of degeneration {unknown}
 l - 2 potions of flight {unknown}
 o - a potion of heal wounds
 u - a potion of brilliance {unknown}
 z - 5 potions of lignification {unknown}
 A - 3 potions of haste {unknown}
 E - a potion of magic {unknown}


   Skills:
 + Level 7.8 Fighting
 + Level 11.8 Axes
 + Level 0.1 Throwing
 + Level 7.5 Armour
 - Level 0.1 Dodging
 + Level 0.4 Stealth
 + Level 5.5 Shields


You had 8 spell levels left.
You didn't know any spells.
Your spell library contained the following spells:

 Spells                   Type           Power      Damage    Failure   Level
 Freeze                   Ice            0%         1d3       100%        1
 Magic Dart               Conj           0%         1d3       100%        1
 Necrotise                Necr           0%         1d4       100%        1
 Shock                    Conj/Air       0%         1d3       100%        1
 Searing Ray              Conj           0%         2d4       100%        2
 Dazzling Flash           Conj/Hex       0%         N/A       100%        3
 Frozen Ramparts          Ice            0%         1d1       100%        3
 Swiftness                Air            0%         N/A       100%        3
 Vampiric Draining        Necr           0%         2d6       100%        3
 Airstrike                Air            0%         2d(0-16)  100%        4
 Fulminant Prism          Conj/Hex       0%         3d6       100%        4
 Hailstorm                Conj/Ice       0%         3d3       100%        4
 Agony                    Necr           0%         N/A       100%        5
 Iskenderun's Battlesphe  Conj           0%         2d6       100%        5
 Silence                  Hex/Air        0%         N/A       100%        5
 Iron Shot                Conj/Erth      0%         9d1       100%        6
 Spellforged Servitor     Conj/Summ      0%         N/A       100%        7


Dungeon Overview and Level Annotations

Branches:
Dungeon (8/15)             Temple (0/1) D:4         Ossuary (visited)
   Lair: D:8-11

Altars:
Ashenzari
Dithmenos
Elyvilon
Gozag
Kikubaaqudgha
Makhleb
Okawaru
Xom

Shops:
D:6 (=


Message History

You barely miss the slime creature.
The slime creature is moderately wounded.
The slime creature hits you but does no damage.
You slash the slime creature!
The slime creature is heavily wounded.
Two slime creatures merge to form a large slime creature.
You slice the large slime creature!!
The large slime creature is heavily wounded.
You hit the slime creature.
Two slime creatures merge to form a very large slime creature.
The slime creature hits you but does no damage.
You slash the very large slime creature!
The very large slime creature is moderately wounded.
You hit the slime creature but do no damage.
The slime creature barely misses you.
You hit the slime creature but do no damage.
The slime creature is lightly wounded.
You barely miss the very large slime creature.
The slime creature hits you!
You hit the slime creature.
The slime creature is lightly wounded.
You slash the very large slime creature!
A very large slime creature splits.
The slime creature barely misses you.
You barely miss the slime creature.
The slime creature is lightly wounded.
You hit the large slime creature. You slash the slime creature!
You block the large slime creature's attack.
The slime creature hits you!
You slash the large slime creature!
The large slime creature is heavily wounded.
You hit the slime creature. You slash the slime creature!
The slime creature hits you! x2; The large slime creature hits you!!
* * * LOW HITPOINT WARNING * * *
You slash the large slime creature!
The large slime creature is severely wounded.
You hit the slime creature. You slash the slime creature!
You block the slime creature's attack. The slime creature hits you.
* * * LOW HITPOINT WARNING * * *
The large slime creature hits you!!
You die...

##. .... .... (.
.♣#.##.# ####..
.......
.....###.##.# ###
#...#....#.#####.#
#................#
#.JJ####.#####.#
#.J@.....# #.#
###.).#### #.#
##...# #.# ##...#
#.# ..#..#####'###
#.#....).....#
#.#.####.....##
#.....##......#
###....#......#


You could see a large slime creature and 2 slime creatures.

Vanquished Creatures
  Maggie (D:8)
  A wraith (Ossuary)
  A steam dragon (D:7)
  2 ice beasts (D:6)
  3 sky beasts
  3 ogres
  An orc warrior (D:7)
  A phantom (D:5)
  A bullfrog (D:7)
  A scorpion (D:7)
  5 wights (D:7)
  3 killer bees (D:7)
  A howler monkey (D:7)
  2 jellies
  2 orc priests
  2 hounds
  5 orc wizards
  Natasha (thrice) (D:2)
  An iguana (D:4)
  3 mummies (Ossuary)
  5 gnolls
  10 adders
  A shadow imp (D:8)
  A white imp (D:7)
  2 ufetubi (D:6)
  2 worms
  A dart slug (D:1)
  26 orcs
  5 ball pythons
  6 endoplasms
  2 giant cockroaches
  14 goblins
  9 hobgoblins
  8 jackals
  7 quokkas
  6 bats
  4 frilled lizards
  5 goblin zombies (Ossuary)
  2 hobgoblin zombies (Ossuary)
  5 kobolds
  3 kobold zombies (Ossuary)
  4 rats
170 creatures vanquished.

Vanquished Creatures (others)
  A human (D:3)
  An orc wizard (D:6)
  An orc (D:7)
3 creatures vanquished.

Grand Total: 173 creatures vanquished

Notes
Turn   | Place    | Note
-------+----------+-------------------------------------------
     0 | D:1      | masschaos23 the Hill Orc Fighter began the quest for the
                  | Orb.
     0 | D:1      | Reached XP level 1. HP: 19/19 MP: 1/1
   350 | D:1      | Reached XP level 2. HP: 26/27 MP: 2/2
   496 | D:1      | Reached skill level 3 in Axes
   713 | D:1      | Reached XP level 3. HP: 32/33 MP: 3/3
  1178 | D:2      | Noticed Natasha
  1199 | D:1      | You fall into a shaft and drop 1 floor!
  1218 | D:2      | HP: 1/33 [crimson imp[Natasha] (1)]
  1384 | D:2      | Killed Natasha
  1385 | D:2      | Reached XP level 4. HP: 37/41 MP: 4/4
  1428 | D:2      | Noticed Natasha
  1446 | D:2      | Killed Natasha
  1447 | D:2      | Reached skill level 4 in Axes
  1491 | D:2      | Noticed Natasha
  1501 | D:2      | Killed Natasha
  1502 | D:2      | Reached XP level 5. HP: 36/47 MP: 5/5
  1925 | D:3      | Reached skill level 5 in Fighting
  2530 | D:3      | Found an ancient bone altar of Kikubaaqudgha.
  2531 | D:3      | Noticed a human
  2534 | D:3      | Killed a human
  2652 | D:4      | Reached skill level 5 in Axes
  2654 | D:4      | Reached XP level 6. HP: 56/56 MP: 6/6
  2663 | D:4      | Found a white marble altar of Elyvilon.
  2717 | D:4      | Found a staircase to the Ecumenical Temple.
  2819 | D:4      | Reached skill level 5 in Armour
  3454 | D:4      | Found a burning altar of Makhleb.
  3508 | D:5      | Entered Level 5 of the Dungeon
  4152 | D:5      | Reached skill level 6 in Axes
  4152 | D:5      | Reached XP level 7. HP: 60/61 MP: 7/7
  4398 | D:6      | Found a shimmering altar of Xom.
  4428 | D:6      | Reached skill level 7 in Axes
  4432 | D:6      | Became a worshipper of Beogh the Brigand
  4542 | D:6      | Found a shimmering altar of Xom.
  4542 | D:6      | Found a shimmering altar of Xom.
  4566 | D:6      | Found Odwuotiwn's Jewellery Emporium.
  4604 | D:6      | Found a broken altar of Ashenzari.
  4609 | D:6      | Identified the +0 kite shield of the Sky {rC++}
  4631 | D:6      | Found Ejues's Weapon Boutique.
  4831 | D:6      | Found a shadowy altar of Dithmenos.
  4948 | D:6      | Reached XP level 8. HP: 65/70 MP: 8/8
  5000 | D:6      | Found an iron altar of Okawaru.
  5087 | D:6      | Identified the +3 buckler of Beucoi Otro {Slay+2}
  5164 | D:7      | Reached skill level 8 in Axes
  5176 | D:7      | Found a sand-covered staircase.
  5183 | Ossuary  | Entered an ossuary
  5183 | Ossuary  | Noticed a wraith
  5183 | Ossuary  | Noticed a wraith
  5183 | Ossuary  | Noticed a wraith
  5266 | Ossuary  | Reached * piety under Beogh
  5348 | Ossuary  | Noticed a wraith
  5352 | Ossuary  | Killed a wraith
  5353 | Ossuary  | Reached skill level 9 in Axes
  6022 | D:7      | Reached skill level 10 in Axes
  6223 | D:7      | Found an opulent altar of Gozag.
  6411 | D:7      | Reached XP level 9. HP: 65/78 MP: 9/9
  6429 | D:7      | Reached skill level 5 in Shields
  7172 | D:7      | Reached skill level 11 in Axes
  7288 | D:8      | Reached ** piety under Beogh
  7526 | D:8      | Noticed Maggie
  7552 | D:8      | Killed Maggie
  7788 | D:8      | Demolished by a large slime creature

Illustrated notes

Levels and vault maps discovered:
D:1:      minmay_arrival_stone_box, layout_basic, minmay_tromino_mix6
D:2:      layout_rooms, uniq_natasha
D:3:      layout_loops_ring, tgw_kikubaaqudgha
D:4:      layout_rooms, lightli_temple_of_fire, elyvilon_altar_4,
          minmay_temple_entry_wispy
D:5:      layout_gridville
D:6:      layout_basic, cheibrodos_ashenzari_chains, okawaru_altar_gauntlet_db,
          xom_redecorated, nicolae_dithmenos_the_darkroom, serial_shops,
          nicolae_take_the_stairs, shop
D:7:      layout_basic, lemuel_tele_altar, nicolae_ossuary_entry_monument
D:8:      layout_basic, mainiacjoe_overflow_alcove_2, minmay_splitting_lines,
          grunt_ministairs_1, ebering_dispersal_statue_hall, uniq_maggie

Skill      XL: |  1  2  3  4  5  6  7  8  9 |
---------------+----------------------------+-----
Fighting       | 4 5 6 7 |  7.8
Axes           | 3 4 5 6 7 10 11 | 11.8
Armour         | 4 5 6 7 |  7.5
Shields        | 4 5 |  5.5
Throwing       | |  0.1
Dodging        | |  0.1
Stealth        | |  0.4

Action                   |  1- 3 |  4- 6 |  7- 9 || total
-------------------------+-------+-------+-------++-------
Melee: War axe           |    86 |   197 |   273 ||   556
Throw: Javelin           |       |       |     4 ||     4
Invok: Convert to Beogh  |       |       |     1 ||     1
  Use: Potion            |     2 |       |     2 ||     4
       Scroll            |       |       |    13 ||    13
Armor: Scale mail        |    21 |       |       ||    21
       Plate armour      |    42 |   144 |   150 ||   336
Dodge: Dodged            |    45 |    57 |    65 ||   167
Block: Buckler           |    22 |    62 |    70 ||   154
       Kite shield       |       |       |    11 ||    11
